 Dungeon Crawl Stone Soup version 0.22-a0-834-g05cf915 (webtiles) character file.

112 JeffiDaFish the Magician (level 4, -1/24 HPs)
             Began as a Deep Elf Fire Elementalist on July 25, 2018.
             Slain by a crimson imp (2 damage)
             ... on level 2 of the Dungeon.
             The game lasted 00:10:59 (3706 turns).

JeffiDaFish the Magician (DEFE)                     Turns: 3706, Time: 00:10:59

Health: -1/24      AC:  2    Str:  5    XL:     4   Next: 63%
Magic:  12/12      EV: 13    Int: 21    God:
Gold:   118        SH:  0    Dex: 15    Spells: 4/12 levels left

rFire    . . .     SeeInvis +   h - +0 dagger (freeze)
rCold    . . .     Gourm    .   (no shield)
rNeg     . . .     Faith    .   a - +0 robe
rPois    .         Spirit   .   (no helmet)
rElec    .         Reflect  .   (no cloak)
rCorr    .         Harm     .   (no gloves)
MR       .....                  (no boots)
Stlth    ++........             (no amulet)
HPRegen  0.08/turn              f - ring of see invisible
MPRegen  0.13/turn              (no ring)

@: no status effects
A: no striking features
a: no special abilities


You were on level 2 of the Dungeon.
You were not hungry.

You visited 1 branch of the dungeon, and saw 2 of its levels.

You collected 118 gold pieces.

Inventory:

Hand Weapons
 e - a +0 short sword
 h - a +0 dagger of freezing (weapon)
Armour
 a - a +0 robe (worn)
Jewellery
 f - a ring of see invisible (left hand)
Scrolls
 d - 2 scrolls of fog
 i - 2 scrolls of identify
Potions
 b - 2 potions of lignification
Comestibles
 c - a ration


   Skills:
 + Level 3.2 Dodging
 - Level 2.4 Stealth
 * Level 4.5 Spellcasting
 + Level 2.3 Conjurations
 * Level 4.3 Fire Magic


You had 4 spell levels left.
You knew the following spells:

 Your Spells              Type           Power        Failure   Level  Hunger
a - Flame Tongue          Conj/Fire      ###..        3%          1    None
b - Conjure Flame         Conj/Fire      ###.....     9%          3    ##.....
c - Sticky Flame          Conj/Fire      ###.....     28%         4    ####...

Your spell library contained the following spells:

 Spells                   Type           Power        Failure   Level  Hunger
 Fireball                 Conj/Fire      ###.......   63%         5    ######.
 Throw Flame              Conj/Fire      ###...       4%          2    #......
 Inner Flame              Hex/Fire       ##......     14%         3    ##.....


Dungeon Overview and Level Annotations

Branches:
Dungeon (2/15)

Altars:
Kikubaaqudgha


Message History

* * * LOW HITPOINT WARNING * * *
You hit the crimson imp but do no damage.
The crimson imp shouts, "Face thy fugue, thou rough-hewn mumble-news barnacle!"
The crimson imp hits you.
* * * LOW HITPOINT WARNING * * *
You hit the crimson imp. You freeze the crimson imp.
The crimson imp is lightly wounded.
The crimson imp closely misses you.
You barely miss the crimson imp.
The crimson imp is lightly wounded.
The crimson imp hits you.
* * * LOW HITPOINT WARNING * * *
You closely miss the crimson imp. The crimson imp misses you.
You closely miss the crimson imp. The crimson imp hits you.
* * * LOW HITPOINT WARNING * * *
You hit the crimson imp but do no damage.
The crimson imp hits you.
* * * LOW HITPOINT WARNING * * *
You closely miss the crimson imp. The crimson imp hits you.
You die...

.####...# #..# #.# .#
#...# #..#######.# .#
#...# #..#.....#.# .#
#...# #..#.###.#.# .#
#...# #..#.#.#.#.#
.####...#####..#.#.#.#.#
....[..>...........#.#.#
...............#.#.#.#.#
.####..#######..@###.#.#
...............5.......#
...<.............###.#.#
##.###..#........###.#[#
#...##..##.###.........###
..⌠.##..##.# #.#####.....#
.≈..##..##.###..........##
≈≈≈.##..5...............#
≈≈..##..##......#####...#


You could see a crimson imp.

Vanquished Creatures
  4 gnolls (D:2)
  An adder (D:2)
  2 oozes
  3 dart slugs (D:2)
  3 ball pythons (D:1)
  4 giant cockroaches
  6 hobgoblins (D:1)
  4 jackals (D:1)
  6 kobolds
  2 bats (D:1)
  2 frilled lizards (D:1)
  6 goblins
  7 rats
50 creatures vanquished.

Notes
Turn   | Place    | Note
-------+----------+-------------------------------------------
     0 | D:1      | JeffiDaFish the Deep Elf Fire Elementalist began the quest for the Orb.
     0 | D:1      | Reached XP level 1. HP: 10/10 MP: 6/6
   171 | D:1      | Reached XP level 2. HP: 9/15 MP: 6/8
   752 | D:1      | Reached XP level 3. HP: 1/19 MP: 2/10
  1105 | D:1      | Learned a level 3 spell: Conjure Flame
  2168 | D:2      | Found an ancient bone altar of Kikubaaqudgha.
  2334 | D:2      | Reached XP level 4. HP: 16/24 MP: 8/12
  2542 | D:2      | Learned a level 4 spell: Sticky Flame
  3705 | D:2      | HP: 1/24 [crimson imp (2)]
  3706 | D:2      | Slain by a crimson imp

Vault maps used:
D:1:      dpeg_arrival_connections, dk_noncrumbling_4, hangedman_decor_points
D:2:      kiku_gazebo_pond_becter

Skill      XL: |  1  2  3 |
---------------+----------+-----
Dodging        | 3 |  3.2
Spellcasting   | 4 |  4.5
Conjurations   | 2 |  2.3
Fire Magic     | 4 |  4.3
Stealth        | |  2.4

Action                   |  1- 3 |  4- 6 || total
-------------------------+-------+-------++-------
Melee: Short sword       |    44 |       ||    44
       Dagger            |    28 |   104 ||   132
 Cast: Flame Tongue      |    47 |    19 ||    66
       Conjure Flame     |     1 |     1 ||     2
  Use: Potion            |     3 |     2 ||     5
       Scroll            |     3 |       ||     3
 Stab: Sleeping          |     4 |       ||     4
  Eat: Chunk             |     4 |     2 ||     6
       Ration            |       |     1 ||     1
Armor: Robe              |    19 |     8 ||    27
       Skin              |       |    26 ||    26
Dodge: Dodged            |    67 |    30 ||    97

Table legend:
 A = Spawn XP
 B = Non-spawn XP
 C = Spawn XP percentage of total XP
 D = Spawn monster count
 E = Non-spawn monster count
 F = Spawn count percentage of total count
 G = Total turns spent on level
                    A         B        C        D         E        F      G
               +---------+---------+-------+---------+---------+-------+---------
         Total |       0 |     160 |   0.0 |       0 |      50 |   0.0 |  3706
               +---------+---------+-------+---------+---------+-------+---------
           D:1 |       0 |      63 |   0.0 |       0 |      36 |   0.0 |  2549
           D:2 |       0 |      97 |   0.0 |       0 |      14 |   0.0 |  1157
               +---------+---------+-------+---------+---------+-------+---------
